 Dungeon Crawl Stone Soup version 0.24.0-13-gcf9b3192b9 (webtiles) character file.

Game seed: 16702746537232866381, levelgen mode: deterministic

1902 Peloso the Carver (level 8, -5/71 HPs)
             Began as a Minotaur Fighter on Nov 9, 2019.
             Was a Believer of Okawaru.
             Slain by a hog (6 damage)
             ... on level 6 of the Dungeon.
             The game lasted 00:11:23 (6680 turns).

Peloso the Carver (Minotaur Fighter)                Turns: 6680, Time: 00:11:24

Health: -5/71      AC: 11    Str: 26    XL:     8   Next: 94%
Magic:  7/7        EV:  8    Int:  5    God:    Okawaru [**....]
Gold:   284        SH: 11    Dex: 12    Spells: 7/7 levels left

rFire    . . .     SeeInvis .   a - +2 falchion (curse)
rCold    . . .     Gourm    .   c - +0 shield
rNeg     . . .     Faith    .   b - +0 chain mail
rPois    +         Spirit   .   (helmet restricted)
rElec    .         Reflect  .   (no cloak)
rCorr    +         Harm     .   w - +0 pair of gloves
MR       .....                  (no boots)
Stlth    ..........             (no amulet)
HPRegen  0.21/turn              v - ring of poison resistance
MPRegen  0.10/turn              r - ring of resist corrosion

@: mighty
A: retaliatory headbutt, horns 2
a: Heroism, Renounce Religion


You were on level 6 of the Dungeon.
You worshipped Okawaru.
Okawaru was pleased with you.
You were not hungry.

You visited 2 branches of the dungeon, and saw 8 of its levels.

You collected 284 gold pieces.

Inventory:

Hand Weapons
 a - a cursed +2 falchion (weapon)
Armour
 b - a +0 chain mail (worn)
 c - a +0 shield (worn)
 w - a +0 pair of gloves (worn)
Jewellery
 q - an uncursed ring of stealth
 r - a ring of resist corrosion (right hand)
 v - a ring of poison resistance (left hand)
Wands
 s - a wand of digging (3)
Scrolls
 e - 2 scrolls of magic mapping {unknown}
 g - 3 scrolls of enchant weapon
 h - 3 scrolls of fog
 i - a scroll of noise
 j - 2 scrolls of immolation {unknown}
 k - 2 scrolls of fear
 l - 2 scrolls of remove curse
 m - 4 scrolls of identify
 t - a scroll of blinking {unknown}
 u - a scroll of enchant armour
 y - a scroll of teleportation {unknown}
 z - a scroll of amnesia {unknown}
Potions
 d - a potion of might
 n - a potion of cancellation
 o - a potion of curing
 x - a potion of haste
 A - a potion of mutation {unknown}
Comestibles
 f - 7 rations


   Skills:
 + Level 6.6 Fighting
 + Level 8.7 Long Blades
 + Level 6.9 Armour
 + Level 2.5 Dodging
 + Level 0.2 Stealth
 + Level 7.7 Shields


You had 7 spell levels left.
You didn't know any spells.
Your spell library was empty.

Dungeon Overview and Level Annotations

Branches:
Dungeon (7/15)             Temple (1/1) D:4

Altars:
Cheibriados
Dithmenos
Elyvilon
Gozag
Hepliaklqana
Kikubaaqudgha
Makhleb
Nemelex Xobeh
Okawaru
Qazlal
Ru
Sif Muna
Trog
Uskayaw
Vehumet
Wu Jian
Xom
Yredelemnul
Zin
The Shining One

Annotations:
D:3 2 runed translucent doors, waddelsworth's ghost, amateur MiBe
D:5 3 runed translucent doors, Delamore's ghost, amateur HOMo


Innate Abilities, Weirdness & Mutations

You reflexively headbutt those who attack you in melee.
You have a pair of horns on your head.


Message History

* * * LOW HITPOINT WARNING * * *
You feel much better. You block the hog's attack.
The ogre hits you with a +0 giant spiked club!
* * * LOW HITPOINT WARNING * * *
The hog bites you.
* * * LOW HITPOINT WARNING * * *
You block the orc's attack.
Unknown command.
You slash the ogre!
The ogre is almost dead.
You block the hog's attack. x2
The ogre hits you with a +0 giant spiked club!
* * * LOW HITPOINT WARNING * * *
You block the hog's attack.
Unknown command.
You slash the ogre!
You kill the ogre!
Okawaru accepts your kill. The orc closely misses you. The hog bites you.
You die...

.รท.....###...........#
.......######.##.....#
............#.##.....#
.......####.#..#.....#
#....................#
#..........###.......#
#....................#
#..............o)h...#
#..............#@#####
#####.###......#h# #
#.# #......#.# # #.#
#......#.# # #.#
########.# # #.#####
#.# # #.....# #.# #
#####.######.# #
#........#


You could see 2 hogs and an orc.

Vanquished Creatures
  2 hogs (D:6)
  A black bear (D:7)
  An ice beast (D:7)
  An ogre (D:6)
  A centaur (D:5)
  2 bullfrogs (D:7)
  2 scorpions
  4 wights (D:6)
  2 howler monkeys
  3 crimson imps
  A bullfrog zombie (D:5)
  5 hounds
  2 orc priests
  A centaur skeleton (D:4)
  A jelly (D:6)
  3 orc wizards
  An iguana (D:4)
  A worker ant (D:6)
  A hound zombie (D:5)
  2 hound skeletons
  Robin (D:3)
  4 gnolls
  9 adders
  An adder skeleton (D:4)
  A worm (D:3)
  3 dart slugs
  4 leopard geckos
  10 orcs
  11 bats
  5 giant cockroaches
  16 goblins
  10 hobgoblins
  3 jackals (D:5)
  2 quokkas
  A ball python (D:4)
  2 frilled lizards
  2 jackal skeletons
  5 kobolds
  6 rats
133 creatures vanquished.

Notes
Turn   | Place    | Note
-------+----------+-------------------------------------------
     0 | D:1      | Peloso the Minotaur Fighter began the quest for the Orb.
     0 | D:1      | Reached XP level 1. HP: 19/19 MP: 0/0
   101 | D:1      | Reached XP level 2. HP: 19/27 MP: 1/1
   395 | D:1      | Reached XP level 3. HP: 33/34 MP: 2/2
   614 | D:2      | Reached skill level 3 in Long Blades
   888 | D:2      | Found a burning altar of Makhleb.
   900 | D:2      | Reached XP level 4. HP: 29/41 MP: 3/3
  1298 | D:2      | Reached skill level 4 in Long Blades
  1456 | D:3      | Reached XP level 5. HP: 47/47 MP: 4/4
  1477 | D:3      | Noticed Robin
  1492 | D:3      | Killed Robin
  1497 | D:3      | Reached skill level 1 in Dodging
  1541 | D:3      | Found a glowing silver altar of Zin.
  1541 | D:3      | Found a basalt altar of Yredelemnul.
  1543 | D:3      | Found a shimmering altar of Xom.
  1917 | D:3      | Found a runed translucent door.
  1920 | D:3      | Noticed waddelsworth's ghost (amateur MiBe)
  2188 | D:3      | Found a runed translucent door.
  2419 | D:4      | Reached XP level 6. HP: 55/55 MP: 5/5
  2487 | D:4      | Reached skill level 5 in Fighting
  2504 | D:4      | Reached skill level 5 in Long Blades
  2663 | D:4      | Reached skill level 5 in Armour
  2663 | D:4      | Reached skill level 5 in Shields
  3004 | D:4      | Found a staircase to the Ecumenical Temple.
  3326 | Temple   | Entered the Ecumenical Temple
  3469 | Temple   | Became a worshipper of Warmaster Okawaru
  3541 | D:5      | Entered Level 5 of the Dungeon
  3541 | D:5      | Found a runed translucent gate.
  3563 | D:5      | Found a runed translucent gate.
  3650 | D:5      | Reached XP level 7. HP: 56/61 MP: 6/6
  3665 | D:5      | Reached skill level 6 in Long Blades
  3900 | D:5      | Found a runed translucent gate.
  3901 | D:5      | Found an opulent altar of Gozag.
  3902 | D:5      | Noticed Delamore's ghost (amateur HOMo)
  4344 | D:5      | Found a glowing golden altar of the Shining One.
  4389 | D:5      | Found an ancient bone altar of Kikubaaqudgha.
  4957 | D:6      | Reached * piety under Okawaru
  5338 | D:6      | Reached skill level 7 in Long Blades
  5664 | D:6      | Reached XP level 8. HP: 66/70 MP: 7/7
  6165 | D:7      | Reached ** piety under Okawaru
  6165 | D:7      | Reached skill level 8 in Long Blades
  6677 | D:6      | HP: 3/71 [hog (3)]
  6679 | D:6      | HP: 1/71 [ogre/+0 giant spiked club (12)]
  6680 | D:6      | Slain by a hog

Levels and vault maps discovered:
D:1:      psy_arrival_dodecagon, layout_basic
D:2:      layout_rooms, makhleb_heckhound_becter
D:3:      layout_loops_ring, grunt_temple_overflow_open, ebering_ghost_sewer_f,
          grunt_ministairs_10, uniq_robin
D:4:      minmay_wonky_spiral, layout_basic, lemuel_temple_firewalk_b,
          first_ration, serial_rivers, chequers_serial_rivers_micro_c,
          chequers_serial_rivers_micro_c, chequers_serial_rivers_large_a,
          chequers_serial_rivers_micro_d, chequers_serial_rivers_small_3
D:5:      layout_basic, ebering_ghost_gozag, basic_altar, chequers_big_river,
          tso_altar
D:6:      layout_basic
D:7:      layout_layer_cave, grunt_livestock, uniq_crazy_yiuf_cottage
Temple:   regret_index_temple_sphere_string

Skill      XL: |  1  2  3  4  5  6  7  8 |
---------------+-------------------------+-----
Fighting       | 4 5 6 |  6.6
Shields        | 4 5 6 7 |  7.7
Long Blades    | 3 4 5 7 8 |  8.7
Armour         | 4 5 6 |  6.9
Dodging        | 1 2 |  2.5
Stealth        | |  0.2

Action                   |  1- 3 |  4- 6 |  7- 9 || total
-------------------------+-------+-------+-------++-------
Melee: Long sword        |   110 |   147 |   152 ||   409
       Headbutt          |    20 |    29 |    36 ||    85
       Falchion          |       |       |    50 ||    50
  Use: Scroll            |       |       |     9 ||     9
       Potion            |       |       |     4 ||     4
  Eat: Chunk             |       |     9 |     3 ||    12
       Ration            |       |       |     2 ||     2
Armor: Scale mail        |    80 |    39 |       ||   119
       Chain mail        |       |    33 |    87 ||   120
Dodge: Dodged            |    47 |    48 |    48 ||   143
Block: Shield            |    91 |    75 |   138 ||   304
       Rpst.: Long sword |    12 |    15 |     9 ||    36
       Falchion          |       |       |     3 ||     3
